 Dungeon Crawl Stone Soup version 0.17.1-1-g73c8601 (webtiles) character file.

121 Goblin1989 the Insei (level 5, -1/27 HPs)
             Began as a Vine Stalker Monk on Dec 31, 2015.
             Slain by Grinder (5 damage)
             ... on level 3 of the Dungeon.
             The game lasted 00:03:56 (1028 turns).

Goblin1989 the Insei (Vine Stalker Monk)            Turns: 1028, Time: 00:03:57

Health: -1/27      AC:  5    Str: 14    XL:     5   Next: 5%
Magic:  0/6        EV: 11    Int: 11    God:
Gold:   88         SH:  0    Dex: 16    Spells: 0 memorised, 4 levels left

rFire  . . .     SeeInvis .       - Unarmed
rCold  . . .     Clarity  .     g - +0 ring mail
rNeg   . . .     SustAt   .     (no shield)
rPois  .         Gourm    .     (no helmet)
rElec  .         Spirit   +     (no cloak)
rCorr  .         Warding  .     (no gloves)
rMut   .         Stasis   .     (no boots)
MR     .....                    (no amulet)
Stlth  ++........               (no ring)
                                (no ring)

@: not resistant to hostile enchantments, unstealthy
A: fangs 2, regeneration 1, magic shield, antimagic bite, no device heal 3, rot
immunity
a: no special abilities


You were on level 3 of the Dungeon.
You were hungry.

You visited 1 branch of the dungeon, and saw 4 of its levels.

You collected 88 gold pieces.

Inventory:

Missiles
 f - 58 stones (quivered)
Armour
 g - a +0 ring mail (worn)
Scrolls
 a - 2 scrolls of enchant armour {unknown}
 c - 2 scrolls of identify {unknown}
 e - a scroll of teleportation {unknown}
 h - a scroll of magic mapping {unknown}
 j - a scroll of amnesia {unknown}
Potions
 i - a potion of curing {unknown}
 k - a potion of invisibility {unknown}
 l - a potion of degeneration {unknown}
 n - a potion of agility {unknown}
Comestibles
 b - a bread ration
 d - a meat ration
 m - a slice of pizza


   Skills:
 - Level 2.6 Fighting
 - Level 2.4 Dodging
 + Level 4.3 Stealth
 * Level 5.5 Unarmed Combat


You had 4 spell levels left.
You didn't know any spells.

Dungeon Overview and Level Annotations

Branches:
Dungeon (4/15)
 Temple: D:4-7

Altars:

Shops:
D:4 }

Annotations:
D:2 Terence
D:3 Grinder, Sigmund


Innate Abilities, Weirdness & Mutations

You have extremely sharp teeth.
Your natural rate of healing is unusually fast.
When hurt, damage is shared between your health and your magic reserves.
Your bite disrupts and absorbs the magic of your enemies.
Potions and wands cannot restore your health.
You are immune to rotting.


Message History

Grinder gestures at you.
You suddenly lose the ability to move!
Grinder gestures at you. Pain shoots through your body! Grinder hits you.
You writhe in agony.
You can move again.
You see here a green potion.
Unknown command.
You hit Grinder.
Grinder is lightly wounded.
Unknown command.
You hit Grinder. Your bite misses Grinder.
Grinder is moderately wounded.
Grinder hits you.
You writhe in agony.
* * * LOW HITPOINT WARNING * * *
Unknown command.
You closely miss Grinder.
Grinder is moderately wounded.
Grinder hits you.
You die...

### # #.. #.# #.#
#@###### #.5S...#
#.####.# #.###
######### #...#
#.......# #.#.#
#.......###
#)#.##.#....)....)
#......#..........
####.####.......###


You could see Grinder and a ball python.

Vanquished Creatures
  An orc wizard (D:3)
  A worker ant (D:4)
  3 adders
  An ooze (D:2)
  A worm (D:2)
  4 orcs (D:3)
  3 bats
  3 giant cockroaches
  5 goblins
  3 hobgoblins
  A quokka (D:2)
  A ball python (D:2)
  4 giant newts (D:1)
  2 jackals (D:3)
  5 kobolds
  A rat (D:3)
39 creatures vanquished.

Notes
Turn   | Place    | Note
--------------------------------------------------------------
     0 | D:1      | Goblin1989 the Vine Stalker Monk began the quest for the Orb.
     0 | D:1      | Reached XP level 1. HP: 11/11 MP: 2/2
   215 | D:1      | Reached XP level 2. HP: 16/16 MP: 3/3
   271 | D:2      | Noticed Terence
   493 | D:2      | Reached XP level 3. HP: 19/19 MP: 4/4
   653 | D:3      | Noticed Sigmund
   754 | D:3      | Reached XP level 4. HP: 16/23 MP: 3/5
   759 | D:3      | Reached skill level 5 in Unarmed Combat
   898 | D:4      | Found Fometwux's Gadget Shoppe.
   913 | D:4      | Reached XP level 5. HP: 15/27 MP: 4/6
  1019 | D:3      | Noticed Grinder
  1023 | D:3      | Paralysed by Grinder for 3 turns
  1028 | D:3      | Slain by Grinder

Action                   |  1- 3 |  4- 6 || total
-------------------------+-------+-------++-------
Melee: Unarmed           |    85 |    54 ||   139
 Stab: Sleeping          |     3 |     1 ||     4
